 Dungeon Crawl Stone Soup version 0.29-a0-350-g7790a0e70a (webtiles) character file.

Game seed: 17909239043830415613

9121 rabbitsville the Fighter (level 10, -3/90 HPs)
             Began as a Demigod Transmuter on Apr 22, 2022.
             Slain by an orc warlord
             ... wielding a +0 war axe
              (6 damage)
             ... in a bailey.
             The game lasted 00:51:10 (12108 turns).

rabbitsville the Fighter (Demigod Transmuter)      Turns: 12108, Time: 00:51:11

Health: -3/90      AC: 12    Str: 26    XL:     10   Next: 99%
Magic:  19/19      EV: 11    Int: 15    God:
Gold:   930        SH:  0    Dex: 18    Spells: 14/17 levels left

rFire   . . .      SeeInvis .   l - +9 whip "Ultimatum" {freeze, Will+ rCorr Str+3 Dex+4}
rCold   . . .      Faith    .   (no shield)
rNeg    . . .      Spirit   .   n - +4 ring mail
rPois   .          Reflect  .   (helmet currently unavailable)
rElec   .          Harm     .   v - +0 cloak
rCorr   +          Rampage  .   E - +0 pair of gloves
Will    ++...                   (boots currently unavailable)
Stlth   +.........              (no amulet)
HPRegen 0.25/turn               (no ring)
MPRegen 0.16/turn               (no ring)

@: appendages, wereblooded
A: horns 2, talons 2, high MP 1, forlorn, divine attributes
a: End Transformation


You were in a bailey.
You had temporarily grown beastly horns and talons.
You visited 2 branches of the dungeon, and saw 11 of its levels.
You also visited: Sewer and Bailey.

You collected 1016 gold pieces.
You spent 86 gold pieces at shops.

Inventory:

Hand Weapons
 l - the +9 whip "Ultimatum" (weapon) {freeze, Will+ rCorr Str+3 Dex+4}
   (You found it on level 2 of the Dungeon)

   It freezes those it strikes, dealing additional cold damage.
   It can also slow down cold-blooded creatures.
   Str:       It affects your strength (+3).
   Dex:       It affects your dexterity (+4).
   rCorr:     It protects you from acid and corrosion.
   Will:      It increases your willpower.
Missiles
 D - 6 throwing nets
Armour
 a - a +0 robe
 i - a +0 helmet (melded)
 n - a +4 ring mail (worn)
 v - a +0 cloak (worn)
 E - a +0 pair of gloves (worn)
Wands
 j - a wand of digging (11)
 w - a wand of paralysis (6) (quivered)
 G - a wand of acid (5)
Scrolls
 b - a scroll of holy word
 e - 3 scrolls of fog
 h - 3 scrolls of immolation
 k - a scroll of brand weapon
 o - 2 scrolls of torment
 q - a scroll of vulnerability
 r - a scroll of silence
 t - 2 scrolls of summoning {unknown}
 u - 2 scrolls of blinking
 y - 3 scrolls of enchant weapon
 A - 2 scrolls of enchant armour
 B - 3 scrolls of teleportation
Potions
 c - a potion of resistance
 d - 2 potions of attraction
 f - 2 potions of magic
 g - a potion of might
 m - 3 potions of berserk rage
 s - 2 potions of brilliance
 x - a potion of ambrosia
 z - a potion of mutation {unknown}
 C - 2 potions of curing
 F - 2 potions of cancellation {unknown}
 H - a potion of flight {unknown}


   Skills:
 - Level 8.5 Fighting
 - Level 8.2 Maces & Flails
 - Level 4.4 Armour
 - Level 1.7 Dodging
 - Level 3.2 Unarmed Combat
 + Level 4.0 Spellcasting
 * Level 6.9 Transmutations
 * Level 5.5 Poison Magic


You had 14 spell levels left.
You knew the following spells:

 Your Spells              Type           Power      Damage    Failure   Level
a - Beastly Appendage     Tmut           46%        N/A       1%          1
c - Wereblood             Tmut           23%        N/A       2%          2

Your spell library contained the following spells:

 Spells                   Type           Power      Damage    Failure   Level
 Spider Form              Tmut/Pois      21%        N/A       6%          3
 Poisonous Vapours        Pois/Air       22%        N/A       13%         2
 Apportation              Tloc           6%         N/A       26%         1
 Magic Dart               Conj           12%        1d3       26%         1
 Pain                     Necr           12%        1d4       26%         1
 Slow                     Hex            12%        N/A       26%         1
 Call Imp                 Summ           3%         N/A       36%         2
 Corpse Rot               Necr/Air       6%         N/A       36%         2
 Ensorcelled Hibernation  Hex/Ice        6%         N/A       36%         2
 Mephitic Cloud           Conj/Pois/Air  8%         N/A       36%         3
 Alistair's Intoxication  Tmut/Pois      14%        N/A       50%         5
 Ice Form                 Ice/Tmut       13%        N/A       54%         4
 Call Canine Familiar     Summ           3%         N/A       61%         3
 Confusing Touch          Hex            3%         N/A       61%         3
 Gell's Gravitas          Tloc           3%         N/A       61%         3
 Portal Projectile        Hex/Tloc       6%         N/A       61%         3
 Summon Guardian Golem    Hex/Summ       3%         N/A       61%         3
 Teleport Other           Tloc           3%         N/A       61%         3
 Vampiric Draining        Necr           3%         2d6       61%         3
 Anguish                  Hex/Necr       1%         N/A       95%         4
 Leda's Liquefaction      Hex/Erth       1%         N/A       95%         4
 Agony                    Necr           3%         N/A       100%        5
 Excruciating Wounds      Necr           1%         N/A       100%        5
 Dispersal                Tloc           1%         N/A       100%        6
 Orb of Destruction       Conj           1%         9d5       100%        7
 Spellforged Servitor     Conj/Summ      1%         N/A       100%        7


Dungeon Overview and Level Annotations

Branches:
Dungeon (10/15)            Temple (1/1) D:4            Lair (0/6) D:9
  Sewer (visited)          Bailey (1/1)
    Orc: D:9-12

Shops:
D:6 *   D:9 !   D:10 (

Annotations:
D:4 1 runed translucent door, HuGe's ghost, amateur MiBe


Innate Abilities, Weirdness & Mutations

You have temporarily grown beastly horns and talons.
You have an increased reservoir of magic. (+10% MP)
You shall have no god before yourself.
Your divine heritage dramatically boosts your attributes as you level up.


Message History

Press: ? - help, Q - select action, (/) - cycle Shift-Dir - straight line, f - hobgoblin, p - orc warlord
Aim: a hobgoblin, wielding a +0 hand axe and wearing a +0 leather armour (71% to hit)
The bolt of acid misses the orc warlord.
The bolt of acid hits the hobgoblin!
The acid corrodes the hobgoblin!
You kill the hobgoblin!
You hear a splash. x2
The orc warlord hits you with a +0 war axe.
You hit the orc warlord. You freeze the orc warlord.
You claw the orc warlord, but do no damage.
You headbutt the orc warlord, but do no damage.
The orc warlord is heavily wounded.
You howl as the wereblood boils in your veins!
The orc warlord hits you with a +0 war axe!!
* * * LOW HITPOINT WARNING * * *
You feel much better.
The orc warlord hits you with a +0 war axe!
You whack the orc warlord! You freeze the orc warlord.
You claw the orc warlord, but do no damage.
The orc warlord is heavily wounded.
The orc warlord hits you with a +0 war axe!
Aiming: Corrosive Bolt
Press: ? - help, Q - select action, (/) - cycle Shift-Dir - straight line, f - orc warlord
Aim: an orc warlord, wielding a +0 war axe and wearing a +0 chain mail (heavily wounded, 79% to hit)
The bolt of acid hits the orc warlord!
The orc warlord is severely wounded.
The orc warlord hits you with a +0 war axe!!
* * * LOW HITPOINT WARNING * * *
You feel much better.
The orc warlord hits you with a +0 war axe!!
* * * LOW HITPOINT WARNING * * *
You feel better.
The orc warlord hits you with a +0 war axe!
* * * LOW HITPOINT WARNING * * *
Aiming: Paralyse
Press: ? - help, Q - select action, (/) - cycle Shift-Dir - straight line, f/p - orc warlord
Aim: an orc warlord, wielding a +0 war axe and wearing a +0 chain mail (severely wounded, chance to affect: 17%)
The orc warlord resists with almost no effort.
The orc warlord hits you with a +0 war axe.
You die...

##### ##### ##...## ##...##
##.....## ##.....##
##.......#######.......##
##..8..8...........8..8..##
#.........................#
#............@............#
#...8......#'o'#......8...#
##......####≈≈≈####......##
♣##.....#≈≈≈)≈≈≈≈≈#.....##♣
♣.##....#≈.8...8.≈#....##.♣
♣♣..###'###.......###'###..♣♣
♣...≈≈≈.# ≈.8...8.≈≈#)≈≈≈...♣
♣♣...≈≈).#≈.........≈#)≈≈≈...♣♣
♣∩...≈≈(.# ...∩... #)≈≈≈...∩♣


You could see an orc warlord.

Vanquished Creatures
  Harold (D:9)
  A two-headed ogre (D:7)
  An orc knight (Bailey)
  Pikel (D:6)
  Joseph (D:8)
  Psyche (D:8)
  Grinder (D:4)
  A hornet (D:9)
  A wraith (D:7)
  A yak (D:9)
  2 vampire mosquitoes (D:6)
  A steam dragon (D:7)
  2 water moccasins (D:9)
  Duvessa (D:7)
  2 ice beasts (D:6)
  9 orc warriors
  7 black bears
  3 ogres
  2 centaurs
  A lemure (D:6)
  2 phantoms (D:6)
  4 kobold brigands
  A gnoll sergeant (D:9)
  5 bullfrogs
  5 scorpions
  2 necrophages (D:6)
  12 wights
  Dowan (D:7)
  3 killer bees (D:7)
  An electric eel (D:6)
  2 howler monkeys (D:7)
  5 orc priests
  2 hounds
  3 iguanas
  8 orc wizards
  4 gnolls
  10 adders
  A shadow imp (D:5)
  A white imp (D:7)
  3 worms
  52 orcs
  8 ball pythons
  6 bats
  An endoplasm (D:1)
  14 giant cockroaches
  16 goblins
  21 hobgoblins
  5 jackals (D:1)
  4 quokkas
  5 frilled lizards
  41 kobolds
  2 rats (D:1)
290 creatures vanquished.

Vanquished Creatures (others)
  39 fungi (D:9)
  47 plants
86 creatures vanquished.

Grand Total: 376 creatures vanquished

Notes
Turn   | Place    | Note
-------+----------+-------------------------------------------
     0 | D:1      | rabbitsville the Demigod Transmuter began the quest for the
                  | Orb.
     0 | D:1      | Reached XP level 1. HP: 15/15 MP: 5/5
    22 | D:1      | Reached skill level 1 in Fighting
   447 | D:1      | Reached XP level 2. HP: 20/23 MP: 5/7
  1508 | D:2      | Reached XP level 3. HP: 26/29 MP: 6/8
  1514 | D:2      | Identified the +9 whip "Ultimatum" {freeze, Will+ rCorr
                  | Str+3 Dex+4}
  2113 | D:3      | Reached skill level 1 in Maces & Flails
  2113 | D:3      | Reached XP level 4. HP: 37/37 MP: 7/9
  2659 | D:4      | Found a runed translucent door.
  2661 | D:4      | Noticed HuGe's ghost (amateur MiBe)
  2683 | D:4      | Noticed Grinder
  2695 | D:4      | Killed Grinder
  2696 | D:4      | Reached skill level 1 in Armour
  2696 | D:4      | Reached XP level 5. HP: 27/45 MP: 10/10
  2696 | D:4      | Reached XP level 6. HP: 31/51 MP: 11/11
  3140 | D:4      | Found a staircase to the Ecumenical Temple.
  3158 | Temple   | Entered the Ecumenical Temple
  3682 | D:5      | Entered Level 5 of the Dungeon
  3792 | D:5      | Found a glowing drain.
  3811 | Sewer    | Entered a sewer
  4104 | Sewer    | Reached XP level 7. HP: 60/60 MP: 12/12
  4981 | D:5      | Reached skill level 5 in Fighting
  5627 | D:6      | Reached skill level 5 in Maces & Flails
  5649 | D:6      | Reached XP level 8. HP: 70/70 MP: 13/13
  6057 | D:6      | Noticed Pikel
  6529 | D:6      | Found Lustigre's General Store.
  6542 | D:6      | Bought a potion of curing for 36 gold pieces
  6750 | D:7      | Reached XP level 9. HP: 24/79 MP: 14/14
  6992 | D:7      | Noticed a two-headed ogre
  7001 | D:7      | Killed a two-headed ogre
  7316 | D:7      | Noticed Duvessa
  7319 | D:7      | Noticed Dowan
  7325 | D:7      | Killed Duvessa
  7328 | D:7      | Killed Dowan
  8350 | D:8      | Learned a level 1 spell: Magic Dart
  8808 | D:8      | Noticed Joseph
  8822 | D:8      | Killed Joseph
  8823 | D:8      | Reached skill level 1 in Poison Magic
  8986 | D:8      | Noticed Psyche
  8992 | D:8      | Killed Psyche
  8993 | D:8      | Reached XP level 10. HP: 85/90 MP: 13/16
  9570 | D:9      | Reached skill level 5 in Transmutations
  9681 | D:9      | Found a staircase to the Lair.
 10247 | D:9      | Found Veich's Distillery.
 10252 | D:9      | Bought a potion of heal wounds for 50 gold pieces
 10459 | D:6      | Killed Pikel
 11065 | D:9      | Noticed Harold
 11075 | D:9      | Killed Harold
 11076 | D:9      | Reached skill level 5 in Poison Magic
 11211 | D:9      | Learned a level 2 spell: Wereblood
 11375 | D:10     | Entered Level 10 of the Dungeon
 11376 | D:10     | Found a flagged portal.
 11390 | D:10     | Found Ofyhekh's Weapon Shoppe.
 11392 | Bailey   | Entered a bailey
 11423 | Bailey   | Noticed an orc warlord
 11460 | Bailey   | Noticed an orc knight
 11492 | Bailey   | Killed an orc knight
 12030 | Bailey   | Found a runed translucent gate.
 12034 | Bailey   | Found a runed translucent gate.
 12036 | Bailey   | Found a runed translucent gate.
 12107 | Bailey   | HP: 3/90 [orc warlord/+0 war axe (15)]
 12108 | Bailey   | Slain by an orc warlord

Illustrated notes

Levels and vault maps discovered:
D:1:      evilmike_arrival_crescent, layout_loops_ring
D:2:      layout_loops_cross, basic_altar, corexii_shack,
          minmay_splitting_lines, minmay_misc_feat_pillars,
          hangedman_abyss_or_decor_stabs, kennysheep_generic_room_6
D:3:      layout_loops_ring, hellmonk_ecumenical_altar_lost_god
D:4:      layout_basic, temple_green, ebering_ghost_inner_flame, uniq_grinder
D:5:      corexii_shantytown, layout_basic, grunt_dithmenos_shadows,
          old_standard_altar, cheibrodos_sewer_entry_sluice
D:6:      layout_cave_pools, serial_shops, nicolae_lakefront_shop, serial_park,
          serial_park_tiny_1, serial_park_paths [serial_park_minivault_5x5_2],
          uniq_pikel
D:7:      layout_gridville, uniq_duvessa
D:8:      minmay_goldmine, layout_loops_ring, gammafunk_temple_overflow_statue,
          serial_glass, glass_columns_c, glass_columns_a, feat_on_display,
          item_on_display_a, feat_on_display, dk_noncrumbling_3, uniq_psyche,
          uniq_joseph
D:9:      layout_roguey [special_room_orc], lemuel_round_altar,
          mainiacjoe_overflow_paths, due_lair_maze_entry_diamond, serial_shops,
          shop_statue, uniq_harold
D:10:     layout_small_grid, erik_orc_4, serial_shops, shop, enter_bailey_6
Temple:   nicolae_temple_elliptical
Bailey:   bailey_axe_bossmonster_kennysheep, bailey

Skill      XL: |  1  2  3  4  5  6  7  8  9 10 |
---------------+-------------------------------+-----
Fighting       | 1 2 3 4 5 7 8 |  8.5
Transmutations | 2 4 6 |  6.9
Unarmed Combat | 3 |  3.2
Maces & Flails | 1 2 3 5 6 8 |  8.2
Armour         | 1 2 3 4 |  4.4
Spellcasting   | 2 4 |  4.0
Poison Magic   | 1 5 |  5.5
Dodging        | |  1.7

Action                   |  1- 3 |  4- 6 |  7- 9 | 10-12 || total
-------------------------+-------+-------+-------+-------++-------
Melee: Unarmed           |    68 |       |       |       ||    68
       Headbutt          |    12 |     7 |    25 |    33 ||    77
       Kick              |    14 |    14 |    36 |    52 ||   116
       Whip              |     8 |   112 |   317 |   255 ||   692
       Punch             |       |     2 |     7 |     6 ||    15
 Cast: Beastly Appendage |    17 |     8 |    18 |    21 ||    64
       Magic Dart        |       |       |     1 |       ||     1
       Wereblood         |       |       |       |     3 ||     3
Evoke: Wand              |       |       |     4 |    10 ||    14
  Use: Scroll            |       |       |    18 |     4 ||    22
       Potion            |       |       |     4 |     6 ||    10
 Stab: Sleeping          |     2 |       |       |       ||     2
Armor: Robe              |    10 |     2 |       |       ||    12
       Ring mail         |       |    36 |   105 |    74 ||   215
       Skin              |       |       |    30 |       ||    30
Dodge: Dodged            |    38 |    49 |   142 |    95 ||   324

Table legend: (Time is in decaauts)
 A = Elapsed time spent in this place.
 B = Non-inter-level travel time spent in this place.
 C = Inter-level travel time spent in this place.
 D = Time resting spent in this place.
 E = Time spent auto-exploring this place.
 F = Levels seen in this place.
 G = Mean time per level.
                   A        B        C        D        E       F      G
               +--------+--------+--------+--------+--------+-----+--------+
         Total |  12119 |  11780 |    339 |   2215 |   5168 |  13 |  932.2 |
       Dungeon |  10456 |  10117 |    339 |   1810 |   4843 |  10 | 1045.6 |
        Temple |    214 |    214 |      0 |      0 |    142 |   1 |  214.0 |
         Sewer |    745 |    745 |      0 |      0 |    182 |   1 |  745.0 |
        Bailey |    704 |    704 |      0 |    405 |      0 |   1 |  704.0 |
               +--------+--------+--------+--------+--------+-----+--------+

Top non-repeatable levels by time:
     D:7: 1686 daAuts
     D:5: 1494 daAuts
     D:9: 1364 daAuts
     D:8: 1253 daAuts
     D:6: 1176 daAuts
     D:1: 1052 daAuts
     D:2: 850 daAuts
     D:4: 816 daAuts
   Sewer: 745 daAuts
     D:3: 744 daAuts
  Bailey: 704 daAuts
  Temple: 214 daAuts
    D:10: 16 daAuts
